[Event "2nd Yerevan Open"]
[Site "?"]
[Date "2017.09.25"]
[Round "7.1"]
[White "Grigoryan, Karen H"]
[Black "Melkumyan, Hrant"]
[Result "1-0"]
[ECO "C26"]
[WhiteElo "2568"]
[BlackElo "2642"]
[PlyCount "169"]
[EventDate "2017.??.??"]
[TimeControl "6000+900"]
[WhiteClock "0:08:54"]
[BlackClock "0:01:02"]

1. e4 e5 2. Nc3 Nf6 3. g3 d5 4. exd5 Nxd5 5. Bg2 Nxc3 6. bxc3 Nc6 7. Nf3 Bc5 8.
O-O O-O 9. d3 Bg4 10. h3 Bh5 11. g4 Bg6 12. Ng5 Be7 13. Ne4 Qd7 14. f4 f5 15.
Ng3 Bd6 16. gxf5 Bxf5 17. Nxf5 Qxf5 18. Qf3 exf4 19. Qd5+ Kh8 20. Qxf5 Rxf5 21.
Rb1 Raf8 22. Be4 Rg5+ 23. Kf2 Nd8 24. Bd2 b6 25. Bf3 Nf7 26. Rh1 Rg3 27. Rbg1
Ng5 28. Bg2 Bc5+ 29. d4 Bd6 30. Re1 h5 31. h4 Nh7 32. Rh3 Nf6 33. Rxg3 fxg3+
34. Kg1 Ng4 35. Bg5 g6 36. Re6 Rf2 37. Be4 Kg7 38. Bxg6 g2 39. Rxd6 cxd6 40.
Bxh5 Rxc2 41. Bxg4 Kg6 42. Bf4 Rxc3 43. h5+ Kf6 44. h6 Kg6 45. Be6 Rf3 46. Bxd6
Kxh6 47. d5 Kg6 48. Be7 Re3 49. Bd8 Re2 50. a4 a6 51. Bd7 Rd2 52. Bxb6 Rxd5 53.
Bc6 Rd6 54. Be4+ Kf6 55. a5 Rd7 56. Bc6 Rd2 57. Bb7 Ke6 58. Bxa6 Kd6 59. Bb7
Rb2 60. Bf3 Ra2 61. Bb7 Rb2 62. Bc8 Kc6 63. Bf2 Rb8 64. Bf5 Kb5 65. Be1 Rg8 66.
Bd3+ Kc6 67. Bh4 Rg4 68. Bf2 Kb7 69. a6+ Kb8 70. Bb5 Rg7 71. Bc6 Rh7 72. Kxg2
Rf7 73. Bd4 Rh7 74. Kf1 Rf7+ 75. Ke2 Re7+ 76. Kd3 Rh7 77. Kc4 Re7 78. Bc5 Rh7
79. Kd4 Rh4+ 80. Ke3 Rh7 81. Kf4 Rh4+ 82. Kg5 Kc7 83. a7 Rc4 84. a8=Q Rxc5+ 85.
Bd5 1-0

[Event "2nd Yerevan Open"]
[Site "?"]
[Date "2017.09.25"]
[Round "7.2"]
[White "Kislinsky, Alexey"]
[Black "Petrosian, Tigran L"]
[Result "1/2-1/2"]
[ECO "B07"]
[WhiteElo "2505"]
[BlackElo "2615"]
[PlyCount "37"]
[EventDate "2017.??.??"]
[TimeControl "6000+860"]
[WhiteClock "0:58:54"]
[BlackClock "0:52:44"]

1. e4 d6 2. d4 Nf6 3. Nc3 g6 4. h3 Bg7 5. Be3 O-O 6. Nf3 c6 7. a4 Nbd7 8. a5
Qc7 9. Qd2 Rb8 10. Bd3 b5 11. axb6 axb6 12. O-O e5 13. dxe5 dxe5 14. b4 b5 15.
Ne2 Nb6 16. Ng3 Re8 17. Bh6 Qe7 18. Bxg7 Kxg7 19. Rfe1 1/2-1/2

[Event "2nd Yerevan Open"]
[Site "?"]
[Date "2017.09.25"]
[Round "7.3"]
[White "Pashikian, Arman"]
[Black "Aitbayev, Aslan"]
[Result "1/2-1/2"]
[ECO "A41"]
[WhiteElo "2592"]
[BlackElo "2427"]
[PlyCount "53"]
[EventDate "2017.??.??"]
[TimeControl "6000+1265"]
[WhiteClock "0:05:36"]
[BlackClock "0:06:00"]

1. d4 d6 2. Nf3 g6 3. g3 Bg7 4. Bg2 Nf6 5. O-O O-O 6. b3 Nc6 7. Bb2 e5 8. dxe5
Nd7 9. Qd2 dxe5 10. Rd1 Re8 11. e4 Nc5 12. Qxd8 Nxd8 13. Bxe5 Bg4 14. Bxg7 Kxg7
15. Nc3 Nxe4 16. Nb5 Ne6 17. h3 c6 18. hxg4 cxb5 19. Re1 Nc3 20. Re3 Rac8 21.
Rae1 Red8 22. Ne5 Nd4 23. Bxb7 Rc7 24. Nc6 Nce2+ 25. Kg2 Nxc6 26. Bxc6 Nd4 27.
Be4 1/2-1/2

[Event "2nd Yerevan Open"]
[Site "?"]
[Date "2017.09.25"]
[Round "7.4"]
[White "Mikaelyan, Arman"]
[Black "Rozum, Ivan"]
[Result "1-0"]
[ECO "A45"]
[WhiteElo "2474"]
[BlackElo "2590"]
[PlyCount "101"]
[EventDate "2017.??.??"]
[TimeControl "6000+1015"]
[WhiteClock "0:24:22"]
[BlackClock "0:20:09"]

1. d4 Nf6 2. Bf4 e6 3. e3 c5 4. Nf3 Nc6 5. Nbd2 d5 6. c3 Be7 7. h3 Bd6 8. Bxd6
Qxd6 9. Bd3 O-O 10. O-O e5 11. dxc5 Qxc5 12. e4 h6 13. Re1 Re8 14. Qc2 Be6 15.
b4 Qd6 16. exd5 Bxd5 17. Rad1 Rad8 18. Nc4 Qc7 19. Nfd2 e4 20. Bf1 Ne5 21. Nxe5
Rxe5 22. c4 b6 23. Re3 Bb7 24. Qb2 Re7 25. Rc1 Qd6 26. Rc2 Red7 27. c5 Qd4 28.
Qa3 bxc5 29. bxc5 Bc6 30. Nc4 Nd5 31. Re1 Nf4 32. Na5 Bd5 33. Qc3 Ne6 34. c6
Rc7 35. Qxd4 Nxd4 36. Rd2 Nxc6 37. Rc1 Rcd7 38. Bb5 Rb8 39. Ba4 Nxa5 40. Bxd7
Bc4 41. Rdc2 Rb7 42. Bf5 g6 43. Bxe4 Rb4 44. a3 Ra4 45. Rc3 Be6 46. Bc2 Rf4 47.
Rc7 a6 48. Re1 g5 49. Re4 Rxe4 50. Bxe4 Nc4 51. a4 1-0

[Event "2nd Yerevan Open"]
[Site "?"]
[Date "2017.09.25"]
[Round "7.5"]
[White "Hovhannisyan, Robert"]
[Black "Moskalenko, Alexander"]
[Result "1-0"]
[ECO "C76"]
[WhiteElo "2594"]
[BlackElo "2531"]
[PlyCount "67"]
[EventDate "2017.??.??"]
[TimeControl "6000+1410"]
[WhiteClock "0:17:16"]
[BlackClock "0:06:30"]

1. e4 e5 2. Nf3 Nc6 3. Bb5 a6 4. Ba4 d6 5. c3 Bd7 6. d4 g6 7. Bg5 f6 8. Be3 Nh6
9. O-O Ng4 10. Bc1 Bg7 11. Bb3 Qe7 12. Nbd2 f5 13. h3 Nf6 14. Re1 O-O-O 15. d5
Na7 16. c4 Kb8 17. Ba4 Bc8 18. b4 Bh6 19. Bc2 Bxd2 20. Bxd2 f4 21. b5 axb5 22.
cxb5 Nxb5 23. Rb1 Na7 24. Rb3 Nd7 25. Ra3 g5 26. Bd3 Nc5 27. Bb4 Bd7 28. Bxc5
dxc5 29. Qd2 b6 30. Rb1 Ka8 31. Bc4 Qd6 32. Qc3 Rhe8 33. Nd2 Rb8 34. Rxa7+ 1-0

[Event "2nd Yerevan Open"]
[Site "?"]
[Date "2017.09.25"]
[Round "7.6"]
[White "Aleksandrov, Aleksej"]
[Black "Gabrielian, Artur"]
[Result "1/2-1/2"]
[ECO "A61"]
[WhiteElo "2580"]
[BlackElo "2501"]
[PlyCount "59"]
[EventDate "2017.??.??"]
[TimeControl "6000+1415"]
[WhiteClock "0:23:54"]
[BlackClock "0:10:49"]

1. d4 Nf6 2. c4 c5 3. d5 e6 4. Nc3 exd5 5. cxd5 d6 6. Nf3 g6 7. Bf4 Bg7 8. Qa4+
Bd7 9. Qb3 b5 10. Bxd6 Qb6 11. Be5 O-O 12. e3 c4 13. Qd1 b4 14. Nb1 Rc8 15. Be2
Qc5 16. a3 Nxd5 17. Bxg7 Kxg7 18. O-O Nf6 19. Qd4 Qxd4 20. Nxd4 Nc6 21. Nxc6
Bxc6 22. axb4 Rab8 23. Rxa7 Rxb4 24. Ra2 Ra8 25. Rxa8 Bxa8 26. Rc1 Rxb2 27. Nc3
Nd5 28. Bxc4 Nxc3 29. Rxc3 Rb1+ 30. Bf1 1/2-1/2

[Event "2nd Yerevan Open"]
[Site "?"]
[Date "2017.09.25"]
[Round "7.7"]
[White "Gabuzyan, Hovhannes"]
[Black "Yegiazarian, Arsen"]
[Result "1-0"]
[ECO "A04"]
[WhiteElo "2573"]
[BlackElo "2421"]
[PlyCount "63"]
[EventDate "2017.??.??"]
[TimeControl "6000+605"]
[WhiteClock "0:48:05"]
[BlackClock "0:00:49"]

1. Nf3 c5 2. g3 Nc6 3. Bg2 g6 4. c3 Bg7 5. d4 cxd4 6. cxd4 d5 7. Nc3 e6 8. O-O
Nge7 9. b3 O-O 10. Ba3 b6 11. Rc1 Ba6 12. Qd2 Qd7 13. Rfd1 Rfd8 14. e4 dxe4 15.
Nxe4 f6 16. Bh3 Nd5 17. Qe1 f5 18. Nd6 Ncb4 19. Bxb4 Nxb4 20. Nc4 Qe7 21. a3
Nd5 22. Bg2 Rac8 23. Ng5 Nc7 24. h4 Rxd4 25. Ne5 Rxd1 26. Rxd1 Bb5 27. Rc1 Rd8
28. Nxg6 hxg6 29. Rxc7 Bd7 30. Bd5 Kh8 31. Bxe6 Re8 32. Qd1 1-0

[Event "2nd Yerevan Open"]
[Site "?"]
[Date "2017.09.25"]
[Round "7.8"]
[White "Babujian, Levon"]
[Black "Korneev, Oleg"]
[Result "0-1"]
[ECO "A25"]
[WhiteElo "2458"]
[BlackElo "2550"]
[PlyCount "66"]
[EventDate "2017.??.??"]
[TimeControl "6000+1365"]
[WhiteClock "0:02:03"]
[BlackClock "0:08:25"]

1. c4 e5 2. Nc3 Nc6 3. g3 Bc5 4. Bg2 a6 5. Nf3 d6 6. d3 Nf6 7. O-O h6 8. a3 O-O
9. b4 Ba7 10. Rb1 Nd4 11. Nd2 c6 12. a4 d5 13. b5 Re8 14. cxd5 cxd5 15. Nb3 Bg4
16. h3 Be6 17. Nxd4 Bxd4 18. Bd2 Bxc3 19. Bxc3 d4 20. Bd2 Bd5 21. bxa6 Bxg2 22.
Kxg2 Rxa6 23. Kh2 b6 24. Qb3 Qd7 25. Rfc1 Qxa4 26. Qxa4 Rxa4 27. Rxb6 Ra2 28.
Rd1 e4 29. dxe4 Nxe4 30. Bf4 Nxf2 31. Rxd4 Rexe2 32. h4 Ng4+ 33. Kh3 f5 0-1

[Event "2nd Yerevan Open"]
[Site "?"]
[Date "2017.09.25"]
[Round "7.9"]
[White "Tabatabaei, M.Amin"]
[Black "Sargsyan, Shant"]
[Result "1-0"]
[ECO "C90"]
[WhiteElo "2548"]
[BlackElo "2436"]
[PlyCount "67"]
[EventDate "2017.??.??"]
[TimeControl "5400+1285"]
[WhiteClock "0:44:44"]
[BlackClock "0:00:33"]

1. e4 e5 2. Nf3 Nc6 3. Bb5 a6 4. Ba4 Nf6 5. O-O Be7 6. Re1 b5 7. Bb3 d6 8. c3
O-O 9. a4 b4 10. a5 Rb8 11. d3 bxc3 12. bxc3 Be6 13. Bxe6 fxe6 14. Nbd2 Qe8 15.
h3 Qg6 16. Qa4 Nd8 17. Qc4 Nh5 18. Kh2 Rb5 19. Qxc7 Rb7 20. Qc4 Rb5 21. Nf1 Nb7
22. Be3 Bd8 23. Qc6 Qe8 24. Qxa6 Nxa5 25. Qxd6 Nf4 26. Rab1 Rxb1 27. Rxb1 Be7
28. Qa6 Nc6 29. Rb6 Nd8 30. Nxe5 Ne2 31. Qc4 Bf6 32. Ng4 Bxc3 33. d4 h5 34. Ne5
1-0

[Event "2nd Yerevan Open"]
[Site "?"]
[Date "2017.09.25"]
[Round "7.11"]
[White "Andriasian, Zaven"]
[Black "Nugumanov, Bakhtiyar"]
[Result "1/2-1/2"]
[ECO "B12"]
[WhiteElo "2593"]
[BlackElo "2401"]
[PlyCount "137"]
[EventDate "2017.??.??"]
[TimeControl "6000+630"]
[WhiteClock "0:04:44"]
[BlackClock "0:04:46"]

1. e4 c6 2. d4 d5 3. e5 c5 4. dxc5 Nc6 5. Bf4 e6 6. Nf3 Bxc5 7. Bd3 f5 8. h4
Qb6 9. O-O Qxb2 10. Nbd2 Qa3 11. Nb3 Bb6 12. c4 Nge7 13. Qe2 dxc4 14. Bxc4 Ng6
15. Bc1 Qe7 16. g3 O-O 17. h5 Nh8 18. Bg5 Qe8 19. h6 Qg6 20. hxg7 Qxg7 21. Kg2
Bd8 22. Bxd8 Nxd8 23. Nfd4 f4 24. Rae1 b6 25. Qh5 Ng6 26. Kh2 Kh8 27. Nd2 Bb7
28. Qg5 Rc8 29. Bxe6 Rc5 30. gxf4 Nxf4 31. Qxg7+ Kxg7 32. Bc4 Ng6 33. f4 Nxf4
34. Kg3 Ng6 35. Rxf8 Kxf8 36. e6 Rg5+ 37. Kf2 Ke7 38. N2f3 Bxf3 39. Nxf3 Rc5
40. Bd3 Nf8 41. Nd4 Ndxe6 42. Bxh7 Kd6 43. Nxe6 Nxe6 44. Rd1+ Kc6 45. Bg8 Rc2+
46. Ke3 Nc5 47. Rd2 Rc3+ 48. Ke2 Kb5 49. Rd4 Rh3 50. Kd2 Ka5 51. Kc2 b5 52. Bb3
Rh2+ 53. Kc3 Re2 54. Rd5 Na4+ 55. Kd3 Rh2 56. Rd4 Rh3+ 57. Kc2 Nc5 58. Rg4 b4
59. Rg5 Kb5 60. Kb2 a5 61. Ba4+ Kc4 62. Rg4+ Kd5 63. Rg5+ Kd4 64. Rg4+ Ke3 65.
Bc2 Rh2 66. Rc4 Nd3+ 67. Ka1 Rh1+ 68. Bb1 a4 69. a3 1/2-1/2

[Event "2nd Yerevan Open"]
[Site "?"]
[Date "2017.09.25"]
[Round "7.12"]
[White "Mkrtchian, Lilit"]
[Black "Ter-Sahakyan, Samvel"]
[Result "0-1"]
[ECO "A21"]
[WhiteElo "2401"]
[BlackElo "2577"]
[PlyCount "90"]
[EventDate "2017.??.??"]
[TimeControl "6000+1955"]
[WhiteClock "0:30:16"]
[BlackClock "0:21:47"]

1. c4 e5 2. Nc3 Bb4 3. Nd5 Bc5 4. Nf3 c6 5. Nc3 d6 6. d4 exd4 7. Nxd4 Nf6 8. g3
d5 9. Nb3 Bb4 10. cxd5 Qxd5 11. Qxd5 Nxd5 12. Bd2 Nxc3 13. Bxc3 Bxc3+ 14. bxc3
a5 15. a4 Kd8 16. c4 Be6 17. e4 Kc7 18. Kd2 b6 19. Kc3 c5 20. e5 Nc6 21. f4
Rad8 22. Bd3 Nb4 23. Be4 Bd7 24. Rhd1 Bc6 25. Bxc6 Kxc6 26. Rab1 h5 27. h3 Rhe8
28. h4 f6 29. Rxd8 Rxd8 30. exf6 gxf6 31. Rg1 Rd3+ 32. Kb2 Re3 33. Nc1 Rf3 34.
Rg2 Kd6 35. Rd2+ Ke6 36. Ne2 Re3 37. Nc3 Rxg3 38. Nb5 Rd3 39. Rf2 Kf5 40. Rf1
Rd2+ 41. Kc3 Rd3+ 42. Kb2 Rd7 43. Nc3 Rd4 44. Nb5 Rxf4 45. Nd6+ Kg4 0-1